 Dungeon Crawl Stone Soup version 0.28.0-53-g5a82cb258f (webtiles) character file.

Game seed: 15286244323816526003

216 styxcanada the Covert (level 5, -5/26 HPs)
             Began as a Spriggan Brigand on Aug 20, 2022.
             Killed by divine providence
             ... invoked by an orc priest
              (10 damage)
             ... on level 6 of the Dungeon.
             The game lasted 00:13:49 (4425 turns).

styxcanada the Covert (Spriggan Brigand)            Turns: 4425, Time: 00:13:50

Health: -5/26      AC:  5    Str:  7    XL:     5   Next: 61%
Magic:  6/6        EV: 18    Int: 13    God:
Gold:   217        SH:  0    Dex: 20    Spells: 4/4 levels left

rFire   . . .      SeeInvis +   j - +3 dagger (venom)
rCold   . . .      Faith    .   (no shield)
rNeg    . . .      Spirit   .   h - +1 robe of Vines {NoPotionHeal Regen++++}
rPois   .          Reflect  .   p - +1 hat of Morality {rCorr Dex+2}
rElec   .          Harm     .   c - +0 cloak
rCorr   +          Rampage  .   (gloves unavailable)
Will    .....                   (boots unavailable)
Stlth   ++++......              (no amulet)
HPRegen 3.28/turn               (no ring)
MPRegen 0.10/turn               (no ring)

@: very quick
A: very small, no large weapons, unfitting armour, see invisible, speed 3
a: no special abilities


You were on level 6 of the Dungeon.
You visited 1 branch of the dungeon, and saw 5 of its levels.

You collected 217 gold pieces.

Inventory:

Hand Weapons
 a - a +2 dagger
 j - a +3 dagger of venom (weapon)
Missiles
 d - 21 poisoned darts (quivered)
 e - 2 curare-tipped darts
 m - 105 stones
 w - 30 sling bullets
Armour
 b - a +0 robe
 c - a +0 cloak (worn)
 h - the +1 robe of Vines (worn) {NoPotionHeal Regen++++}
   (You acquired it on level 4 of the Dungeon)

   Its wearer cannot be healed by potions.
   Regen:     It increases your rate of health regeneration.
 p - the +1 hat of Morality (worn) {rCorr Dex+2}
   (You acquired it on level 4 of the Dungeon)

   Dex:       It affects your dexterity (+2).
   rCorr:     It protects you from acid and corrosion.
Scrolls
 i - a scroll of teleportation
 r - a scroll of amnesia
 u - 2 scrolls of identify
Potions
 f - a potion of flight
 g - a potion of cancellation
 k - a potion of berserk rage
 l - a potion of brilliance
 n - a potion of mutation
 o - a potion of haste {unknown}
 q - 2 potions of ambrosia {unknown}
 s - a potion of resistance {unknown}
 t - a potion of curing


   Skills:
 * Level 2.0 Fighting
 + Level 3.2 Short Blades
 + Level 2.1 Throwing
 * Level 3.3 Dodging
 * Level 8.8 Stealth


You had 4 spell levels left.
You didn't know any spells.
Your spell library contained the following spells:

 Spells                   Type           Power      Damage    Failure   Level
 Gell's Gravitas          Tloc           0%         N/A       67%         3
 Lesser Beckoning         Tloc           0%         N/A       67%         3
 Teleport Other           Tloc           0%         N/A       67%         3
 Malign Gateway           Summ/Tloc      0%         N/A       100%        7
 Summon Horrible Things   Summ           0%         N/A       100%        8


Dungeon Overview and Level Annotations

Branches:
Dungeon (4/15)
 Temple: D:4-7

Altars:

Shops:
D:2 !


Innate Abilities, Weirdness & Mutations

You are very small and have problems with some larger weapons.
You are too small for most types of armour.
You have supernaturally acute eyesight. (SInv)
You cover ground extremely quickly. (Speed+++)


Message History

You hit the orc priest but do no damage.
The orc priest is poisoned.
The orc priest is lightly wounded.
The orc priest barely misses you.
The orc priest hits you with a +0 hand axe.
Unknown command.
You kill the orc!
The orc priest looks braver for a moment.
The orc priest mumbles some strange prayers to Beogh against you.
You resist with significant effort.
Throw: 24 darts (poison)
Press: ? - help, Q - select action, (/) - cycle Shift-Dir - straight line, f - orc priest
Aim: an orc priest, wielding a +0 flail and wearing a +0 leather armour (64% to hit)
You throw a poisoned dart. The poisoned dart hits the orc priest!
The orc priest is poisoned.
The orc priest mumbles some strange prayers to Beogh against you.
The orc wizard writhes in agony.
Throw: 23 darts (poison)
Press: ? - help, Q - select action, (/) - cycle Shift-Dir - straight line, f/p - orc priest
Aim: an orc priest, wielding a +0 flail and wearing a +0 leather armour (moderately wounded, very poisoned, 64% to hit)
You throw a poisoned dart. The poisoned dart hits the orc priest.
The orc priest looks even sicker.
The orc priest is moderately wounded.
The orc priest mumbles some strange prayers to Beogh against you.
Pain shoots through your body!
Throw: 22 darts (poison)
Press: ? - help, Q - select action, (/) - cycle Shift-Dir - straight line, f/p - orc priest
Aim: an orc priest, wielding a +0 flail and wearing a +0 leather armour (heavily wounded, very poisoned, 64% to hit)
You throw a poisoned dart. The poisoned dart hits the orc priest.
The orc priest looks as sick as possible!
The orc priest is heavily wounded.
The orc wizard points at you and mumbles some strange words.
The puff of flame hits you!
Unknown command.
The orc wizard gestures at you while chanting.
The puff of flame hits you!
* * * LOW HITPOINT WARNING * * *
The orc priest calls down the wrath of Beogh upon you.
Beogh smites you!
You die...

#...# .. #...# .#
. #...# .# ...
#...####.#.....
###..............
#........#.......
+).......##......
#........# ......
#......@.# .....
+........# .....
#........# ....
#......o.# >...
#####..### #oo#
#.o# #..# #.(#


You could see 2 orc priests, an orc wizard (invisible) and an orc.

Vanquished Creatures
  An iguana (D:3)
  An orc wizard (D:3)
  A gnoll (D:1)
  7 adders
  2 ufetubi
  2 worms
  2 dart slugs
  5 orcs
  7 ball pythons
  9 endoplasms
  3 giant cockroaches
  4 goblins
  A hobgoblin (D:1)
  5 jackals
  4 quokkas
  2 bats (D:1)
  5 frilled lizards
  6 kobolds
  5 rats
72 creatures vanquished.

Vanquished Creatures (others)
  6 plants (D:3)
6 creatures vanquished.

Grand Total: 78 creatures vanquished

Notes
Turn   | Place    | Note
-------+----------+-------------------------------------------
     0 | D:1      | styxcanada the Spriggan Brigand began the quest for the
                  | Orb.
     0 | D:1      | Reached XP level 1. HP: 10/10 MP: 2/2
    93 | D:1      | Reached skill level 6 in Stealth
   357 | D:1      | Reached XP level 2. HP: 14/14 MP: 3/3
   660 | D:1      | Reached XP level 3. HP: 18/18 MP: 4/4
  1681 | D:2      | Reached skill level 7 in Stealth
  1710 | D:2      | Found a faded altar of an unknown god.
  1914 | D:2      | Reached XP level 4. HP: 23/23 MP: 5/5
  1967 | D:2      | Found Tadiock's Distillery.
  2343 | D:3      | Reached skill level 8 in Stealth
  2884 | D:3      | Reached XP level 5. HP: 25/26 MP: 6/6
  3806 | D:4      | Identified a scroll of acquirement
  3806 | D:4      | Acquired the +1 robe of Vines {NoPotionHeal Regen++++}
  3806 | D:4      | Found the +1 robe of Vines {NoPotionHeal Regen++++}
  4159 | D:4      | Acquired the +1 hat of Morality {rCorr Dex+2}
  4386 | D:4      | You fall into a shaft and drop 2 floors!
  4425 | D:6      | Killed from afar by an orc priest

Illustrated notes

Levels and vault maps discovered:
D:1:      dpeg_arrival_ternary, layout_basic, minmay_misc_feat_ornament
D:2:      layout_loops_cross, serial_shops, nicolae_shop_window_shopping,
          shapermc_ecumenical_altar_mp_ritualfount, serial_bayou_pond_c,
          minmay_ruptured
D:3:      cheibrodos_old_hovel, layout_basic
D:4:      layout_loops_ring, nicolae_sif_muna_little_library,
          minmay_misc_feat_encased
D:6:      layout_basic, gup_sewer_entry_pipe, minmay_holes

Skill      XL: |  1  2  3  4  5 |
---------------+----------------+-----
Stealth        | 6 7 8 |  8.8
Dodging        | 2 3 |  3.3
Short Blades   | 3 |  3.2
Fighting       | 2 |  2.0
Throwing       | |  2.1

Action                   |  1- 3 |  4- 6 || total
-------------------------+-------+-------++-------
Melee: Dagger            |    76 |    80 ||   156
Throw: Dart              |     2 |    15 ||    17
  Use: Scroll            |       |    13 ||    13
 Stab: Sleeping          |    14 |    14 ||    28
Armor: Robe              |    14 |     5 ||    19
Dodge: Dodged            |    49 |    54 ||   103
